 Dungeon Crawl Stone Soup version 0.21-a0-314-gb3271ec (webtiles) character file.

1843 vishdafish the Cudgeler (level 8, -6/64 HPs)
             Began as a Troll Fighter on Sept 29, 2017.
             Was a Follower of Cheibriados.
             Mangled by a killer bee (7 damage)
             ... on level 6 of the Dungeon.
             The game lasted 00:13:13 (5596 turns).

vishdafish the Cudgeler (Troll Fighter)             Turns: 5596, Time: 00:13:13

Health: -6/64      AC:  6    Str: 27    XL:     8   Next: 87%
Magic:  9/9        EV:  9    Int:  8    God:    Cheibriados [*.....]
Gold:   328        SH: 10    Dex: 11    Spells: 7/7 levels left

rFire    . . .     SeeInvis .   a - +0 flail
rCold    . . .     Gourm    +   c - +0 shield
rNeg     . . .     Faith    .   b - +0 robe
rPois    .         Spirit   .   o - +1 hat
rElec    .         Reflect  .   (no cloak)
rCorr    +         Harm     .   (gloves unavailable)
MR       .....     Clarity  +   (boots unavailable)
Stlth    +.........             (no amulet)
HPRegen  0.60/turn              u - ring of resist corrosion
MPRegen  0.11/turn              (no ring)

@: lethally poisoned (-6 -> -14), very slow
A: unfitting armour, claws 3, clarity, fast metabolism 3, frail 2, gourmand,
high mp 1, regeneration 1, shaggy fur 1, tough skin 2, wild magic 1
a: Bend Time, Renounce Religion


You were on level 6 of the Dungeon.
You worshipped Cheibriados.
Cheibriados was aware of your devotion.
You were completely stuffed.

You visited 2 branches of the dungeon, and saw 8 of its levels.

You collected 328 gold pieces.

Inventory:

Hand Weapons
 a - a +0 flail (weapon)
Armour
 b - a +0 robe (worn)
 c - a +0 shield (worn)
 o - a +1 hat (worn)
Jewellery
 u - a ring of resist corrosion (left claw)
 y - an uncursed ring of protection from cold {unknown}
Wands
 r - a wand of flame (8/48)
 B - a wand of acid (7/15)
 C - a wand of polymorph (11/24)
Scrolls
 e - 2 scrolls of noise {unknown}
 g - 3 scrolls of remove curse {unknown}
 h - 2 scrolls of fear {unknown}
 k - 3 scrolls of enchant armour {unknown}
 m - a scroll of recharging {unknown}
 n - 3 scrolls of teleportation {unknown}
 p - 2 scrolls of identify {unknown}
 v - 2 scrolls of amnesia {unknown}
 x - a scroll of fog {unknown}
 z - a scroll of magic mapping {unknown}
Potions
 s - a potion of cancellation {unknown}
 t - a potion of heal wounds {unknown}
 w - 2 potions of haste {unknown}
 A - a potion of degeneration {unknown}
 E - a potion of magic {unknown}
 F - 2 potions of brilliance {unknown}
 G - a potion of agility {unknown}
Books
 D - a book of Frost

   Spells                             Type                      Level
   a - Freeze                         Ice                          1
   b - Throw Frost                    Conjuration/Ice              2
   c - Ozocubu's Armour               Charms/Ice                   3
   d - Throw Icicle                   Conjuration/Ice              4
   e - Summon Ice Beast               Ice/Summoning                4
Comestibles
 d - 5 chunks of flesh
 f - 7 bread rations
 i - 8 royal jellies
 l - 3 meat rations
 q - 3 fruits


   Skills:
 + Level 5.4 Fighting
 * Level 7.4 Maces & Flails
 - Level 2.4 Dodging
 + Level 5.0 Shields
 * Level 2.2 Invocations


You had 7 spell levels left.
You didn't know any spells.

Dungeon Overview and Level Annotations

Branches:
Dungeon (7/15)             Temple (1/1) D:5

Altars:
Ashenzari
Cheibriados
Dithmenos
Elyvilon
Fedhas
Gozag
Kikubaaqudgha
Makhleb
Okawaru
Qazlal
Ru
Trog
Uskayaw
Wu Jian
Yredelemnul
Zin
The Shining One

Shops:
D:3 *


Innate Abilities, Weirdness & Mutations

You are too large for most types of armour.
You have claws for hands.
Your metabolism is lightning-fast.
You like to eat raw meat.
Your natural rate of healing is unusually fast.
You are covered in fur. (AC +1)
You have very tough skin. (AC +2)
You possess an exceptional clarity of mind.
You are very frail. (-20% HP)
You have an increased reservoir of magic. (+10% MP)
Your spells are a little harder to cast, but a little more powerful.


Message History

The killer bee is almost dead.
You feel sick. You block the killer bee's attack. The killer bee stings you.
* * * LOW HITPOINT WARNING * * *
You are more poisoned.
The killer bee poisons you!
The killer bee stings you but does no damage.
You block the adder's attack.
The killer bee stings you but does no damage.
You closely miss the killer bee.
The killer bee is almost dead.
You feel sick. The killer bee completely misses you. The killer bee stings you!
* * * LOW HITPOINT WARNING * * *
You block the adder's attack. The killer bee barely misses you.
You block the killer bee's attack. You block the adder's attack.
The killer bee stings you but does no damage.
You miss the killer bee.
The killer bee is almost dead.
* * * LOW HITPOINT WARNING * * *
You feel sick. The killer bee stings you!
You die...

............#..##
#.#####
##..........#...#
#.....#
.'..........#...##
#.###.#####
.#.........##.#..#
#.# #.....#
.####.......#.#..###
#.# #####.# .#
#.......#......# #.#
#.# .#
#..............# #.#
#.# .#
#........##[y####
#.### #.# .#
#........##S@y..#
#...# #.# .#
#........######.#
###.#####.# .#
#...........###.#
#.#.....# ##
#...#..8..#.#.#.#
#.#.#####
#...#.....#.#.#.#
#.#.#
#########.....#...#.#
###.#.# ...#
#####'''##.#.#.#
#.....# ...#
#..#.....#.#.#.#
#.#.###
######.##.....#.#.#.#
#.#.#


You could see 2 killer bees and an adder.

Vanquished Creatures
  A phantom (D:4)
  An ice beast (D:6)
  An orc warrior (D:6)
  An ogre (D:4)
  A sky beast (D:5)
  3 centaurs
  A bullfrog (D:6)
  A wyvern zombie (D:6)
  A scorpion (D:4)
  2 killer bees (D:6)
  3 wights (D:3)
  2 crimson imps (D:6)
  A centaur zombie (D:6)
  A bullfrog zombie (D:6)
  A gnoll shaman (D:5)
  3 orc wizards
  3 orc priests
  A bullfrog skeleton (D:4)
  A centaur skeleton (D:5)
  An iron imp (D:6)
  2 iguanas
  2 worker ants
  A worker ant zombie (D:7)
  9 adders
  9 gnolls
  2 oozes
  An adder zombie (D:6)
  An adder skeleton (D:6)
  3 dart slugs
  4 leopard geckos
  9 orcs
  6 bats
  5 giant cockroaches
  6 goblins
  6 hobgoblins
  8 jackals
  A quokka (D:5)
  6 frilled lizards
  A jackal skeleton (D:4)
  9 kobolds
  A leopard gecko zombie (D:5)
  6 rats
128 creatures vanquished.

Vanquished Creatures (others)
  A hobgoblin (D:3)
1 creature vanquished.

Grand Total: 129 creatures vanquished

Notes
Turn   | Place    | Note
-------+----------+-------------------------------------------
     0 | D:1      | vishdafish the Troll Fighter began the quest for the Orb.
     0 | D:1      | Reached XP level 1. HP: 22/22 MP: 0/0
   193 | D:1      | Reached skill level 2 in Maces & Flails
   270 | D:1      | Reached XP level 2. HP: 29/29 MP: 1/1
   811 | D:2      | Reached XP level 3. HP: 19/36 MP: 2/2
   876 | D:2      | Found a white marble altar of Elyvilon.
   943 | D:2      | Found an ancient bone altar of Kikubaaqudgha.
  1060 | D:2      | HP: 1/36 [hobgoblin/club (3)]
  1160 | D:2      | Reached XP level 4. HP: 45/45 MP: 3/3
  1165 | D:2      | Reached skill level 3 in Maces & Flails
  1524 | D:3      | Found Gozag's Platinum Reserve.
  1524 | D:3      | Found an opulent altar of Gozag.
  1573 | D:3      | Reached XP level 5. HP: 26/53 MP: 4/4
  1714 | D:3      | Reached skill level 4 in Maces & Flails
  1723 | D:3      | Reached XP level 6. HP: 49/61 MP: 5/5
  1766 | D:3      | Found a blossoming altar of Fedhas.
  2398 | D:4      | Reached skill level 5 in Maces & Flails
  2398 | D:4      | Reached XP level 7. HP: 70/70 MP: 6/6
  3045 | D:5      | Entered Level 5 of the Dungeon
  3095 | D:5      | Found a bloodstained altar of Trog.
  3195 | D:5      | Found a staircase to the Ecumenical Temple.
  3212 | Temple   | Entered the Ecumenical Temple
  3480 | D:5      | Gained mutation: You are frail. (-10% HP) [mutagenic meat]
  3481 | D:5      | Gained mutation: Your spells are a little harder to cast, but a little more powerful. [mutagenic meat]
  3483 | D:5      | Gained mutation: You possess an exceptional clarity of mind. [mutagenic meat]
  3484 | D:5      | Gained mutation: You are very frail. (-20% HP) [mutagenic meat]
  3485 | D:5      | Gained mutation: You have an increased reservoir of magic. (+10% MP) [mutagenic meat]
  3552 | D:5      | Reached skill level 6 in Maces & Flails
  3651 | D:5      | Found a hide-covered altar of Uskayaw.
  3818 | D:5      | Reached XP level 8. HP: 59/63 MP: 7/7
  3960 | D:5      | Found a burning altar of Makhleb.
  4289 | D:6      | Reached skill level 5 in Fighting
  4520 | D:6      | Found a snail-covered altar of Cheibriados.
  4532 | D:6      | Became a worshipper of Cheibriados the Contemplative
  4705 | D:6      | Reached skill level 7 in Maces & Flails
  4832 | D:6      | Reached skill level 1 in Invocations
  4891 | D:6      | Found an iron altar of Okawaru.
  5266 | D:6      | Reached skill level 5 in Shields
  5493 | D:6      | HP: 1/64 [killer bee (9)]
  5498 | D:6      | HP: 3/64 [killer bee (9)]
  5502 | D:6      | Reached * piety under Cheibriados
  5595 | D:6      | HP: 2/64 [killer bee (9)]
  5596 | D:6      | Mangled by a killer bee

Vault maps used:
D:1:      scummos_arrival_simple_crosswalls, minmay_misc_feat_doors
D:2:      kiku_gazebo_garden_becter, serial_bayou_pond_c, elyvilon_altar_5
D:3:      fedhas_altar_3, nicolae_gozag_zags_fifth_avenue, serial_bayou_pond_d,
          lemuel_flame_loot_1
D:4:      serial_co_window_serial, co_window_paths_b, co_window_paths_b,
          co_window_paths_b, co_window_paths_a, co_window_paths_a,
          co_window_of_opportunity_c, co_window_paths_c,
          co_window_of_opportunity_b, co_window_of_opportunity_c,
          co_window_4corner_a, first_bread, kennysheep_cross_room
D:5:      kennysheep_little_box, lemuel_doored_altar, lightli_temple_of_fire,
          minmay_temple_entry_large_hall, nicolae_ossuary_entry_plus
D:6:      okawaru_altar_gauntlet_db, slow_altar_2, minivault_25
D:7:      regret_index_temple_of_mockery, nrook_uturn
Temple:   compressed_dpeg_triangle_lava_temple

Skill      XL: |  1  2  3  4  5  6  7  8 |
---------------+-------------------------+-----
Maces & Flails | 2 3 4 5 6 7 |  7.4
Fighting       | 3 4 5 |  5.4
Shields        | 3 4 5 |  5.0
Invocations    | 2 |  2.2
Dodging        | |  2.4

Action                   |  1- 3 |  4- 6 |  7- 9 || total
-------------------------+-------+-------+-------++-------
Melee: Flail             |   168 |   156 |   276 ||   600
Evoke: Wand              |       |     4 |     1 ||     5
  Use: Potion            |       |       |     7 ||     7
 Stab: Sleeping          |     2 |       |       ||     2
  Eat: Chunk             |    13 |    12 |    37 ||    62
       Bread ration      |       |       |     1 ||     1
Armor: Robe              |    71 |    52 |    85 ||   208
Dodge: Dodged            |    62 |    62 |   116 ||   240
Block: Shield            |    90 |    81 |   179 ||   350

Table legend:
 A = Spawn XP
 B = Non-spawn XP
 C = Spawn XP percentage of total XP
 D = Spawn monster count
 E = Non-spawn monster count
 F = Spawn count percentage of total count
 G = Total turns spent on level
                    A         B        C        D         E        F      G
               +---------+---------+-------+---------+---------+-------+---------
         Total |       0 |    2633 |   0.0 |       0 |     128 |   0.0 |  5596
               +---------+---------+-------+---------+---------+-------+---------
           D:1 |       0 |      35 |   0.0 |       0 |      20 |   0.0 |   773
           D:2 |       0 |      89 |   0.0 |       0 |      16 |   0.0 |   649
           D:3 |       0 |     291 |   0.0 |       0 |      21 |   0.0 |   613
           D:4 |       0 |     524 |   0.0 |       0 |      14 |   0.0 |  1010
           D:5 |       0 |     510 |   0.0 |       0 |      22 |   0.0 |   821
           D:6 |       0 |    1164 |   0.0 |       0 |      33 |   0.0 |  1374
           D:7 |       0 |      20 |   0.0 |       0 |       2 |   0.0 |   115
               +---------+---------+-------+---------+---------+-------+---------
